 Dungeon Crawl Stone Soup version 0.19.1 (webtiles) character file.

531583 kae the Shatterer (level 26, -1/226 HPs)
             Began as a Formicid Fighter on Nov 28, 2016.
             Was the Champion of Okawaru.
             Engulfed by a cloud of poison gas (2 damage)
             ... on level 3 of the Depths.
             The game lasted 01:42:10 (51814 turns).

kae the Shatterer (Formicid Fighter)               Turns: 51814, Time: 01:42:10

Health: -1/226     AC: 36    Str: 40    XL:     26   Next: 98%
Magic:  34/34      EV: 19    Int:  6    God:    Okawaru [******]
Gold:   4535       SH: 34    Dex: 21    Spells: 0 memorised, 39 levels left

rFire  . . .     SeeInvis +     A - +9 demon whip (elec)
rCold  . . .     Gourm    .     o - +10 chain mail of Dramatic Exits {Str+4}
rNeg   . . .     Faith    .     H - +1 large shield {AC+3}
rPois  .         Spirit   .     (helmet unavailable)
rElec  +         Reflect  +     V - +1 cloak "Daanlan" {MR+ Int-4 Dex+8}
rCorr  .         Harm     .     T - +1 pair of gloves {Dex+3}
MR     ++++.                    m - +0 pair of boots "Coqi" {rElec Regen+ Slay+4}
Stlth  ++........               E - brooch of Shielding {Reflect SH+8}
                                I - +5 ring of strength
                                w - ring of protection from magic

@: lethally poisoned (-1 -> -117)
A: permanent stasis, dig shafts and tunnels, four strong arms, antennae 3,
iridescent scales 1, electricity resistance
a: Dig, Shaft Self, Heroism, Finesse, Renounce Religion
}: 3/15 runes: serpentine, barnacled, silver


You were on level 3 of the Depths.
You worshipped Okawaru.
Okawaru was exalted by your worship.
You were not hungry.

You visited 8 branches of the dungeon, and saw 42 of its levels.
You visited 2 bazaars.
You also visited: Ice Cave and Wizlab.

You collected 5859 gold pieces.
You spent 1324 gold pieces at shops.

Inventory:

Hand Weapons
 c - a +1 great mace of flaming
 A - a +9 demon whip of electrocution (weapon)
Armour
 m - the +0 pair of boots "Coqi" (worn) {rElec Regen+ Slay+4}
   (Okawaru gifted it to you on level 1 of the Snake Pit)

   It affects your accuracy and damage with ranged weapons and melee attacks
   (+4).
   It insulates you from electricity.
   It increases your rate of regeneration.
 o - the +10 chain mail of Dramatic Exits (worn) {Str+4}
   (You bought it in a shop on level 2 of the Orcish Mines)

   It affects your strength (+4).
 H - a +1 large shield of protection (worn)
 T - a +1 pair of gloves of dexterity (worn)
 V - the +1 cloak "Daanlan" (worn) {MR+ Int-4 Dex+8}
   (Okawaru gifted it to you on level 1 of the Elven Halls)

   It affects your intelligence (-4).
   It affects your dexterity (+8).
   It affects your resistance to hostile enchantments.
Jewellery
 w - a ring of protection from magic (left hand)
 E - the brooch of Shielding (around neck) {Reflect SH+8}
   (You bought it in a shop on level 2 of the Snake Pit)

   [amulet of reflection]

   It shields you and reflects attacks.
   It affects your SH (+8).
 I - a +5 ring of strength (right hand)
Wands
 a - a wand of iceblast (3/15)
Scrolls
 e - 7 scrolls of fear
 g - a scroll of enchant weapon
 h - 8 scrolls of immolation
 i - 4 scrolls of fog
 r - 14 scrolls of remove curse
 B - 3 scrolls of magic mapping
 R - 5 scrolls of identify
 W - a scroll of summoning
Potions
 b - 2 potions of cancellation
 l - 14 potions of curing
 n - a potion of resistance
 s - 2 potions of invisibility
 x - 4 potions of might
 z - 7 potions of agility
 F - 5 potions of heal wounds
 G - 4 potions of ambrosia
 J - 6 potions of flight
Books
 j - a book of Transfigurations

   Spells                             Type                      Level
   a - Irradiate                      Conjuration/Transmutation    5
   b - Statue Form                    Transmutation/Earth          6
   c - Hydra Form                     Transmutation                6
   d - Dragon Form                    Transmutation                7
 k - a book of Enchantments

   Spells                             Type                      Level
   a - Cause Fear                     Hexes                        4
   b - Yara's Violent Unravelling     Hexes/Transmutation          5
   c - Silence                        Hexes/Air                    5
   d - Deflect Missiles               Charms/Air                   6
   e - Discord                        Hexes                        8
 q - Iskenderun's Catalogue of Conjuration
   (You found it in a wizard's laboratory)

   Spells                             Type                      Level
   a - Magic Dart                     Conjuration                  1
   b - Conjure Flame                  Conjuration/Fire             3
   c - Irradiate                      Conjuration/Transmutation    5
   d - Venom Bolt                     Conjuration/Poison           5
   e - Poisonous Cloud                Conjuration/Poison/Air       6
   f - Orb of Destruction             Conjuration                  7
 t - Iskenderun's Handbook of Combat Magic
   (You found it in a wizard's laboratory)

   Spells                             Type                      Level
   a - Sting                          Conjuration/Poison           1
   b - Static Discharge               Conjuration/Air              3
   c - Iskenderun's Mystic Blast      Conjuration                  4
   d - Iskenderun's Battlesphere      Conjuration/Charms           5
   e - Poisonous Cloud                Conjuration/Poison/Air       6
 u - a book of the Tempests

   Spells                             Type                      Level
   a - Static Discharge               Conjuration/Air              3
   b - Lightning Bolt                 Conjuration/Air              5
   c - Fireball                       Conjuration/Fire             5
   d - Tornado                        Air                          9
   e - Shatter                        Earth                        9
Comestibles
 d - 4 meat rations
 f - 23 bread rations (quivered)
 U - 2 slices of pizza


   Skills:
 + Level 22.7 Fighting
 + Level 23.3 Maces & Flails
 - Level 17.0 Armour
 - Level 10.8 Dodging
 - Level 9.4 Stealth
 - Level 16.5 Shields
 - Level 7.3 Spellcasting
 - Level 15.4 Invocations
 - Level 11.2 Evocations


You had 39 spell levels left.
You didn't know any spells.

Dungeon Overview and Level Annotations

Branches:
Dungeon (15/15)            Temple (0/1) D:4            Lair (6/6) D:10
 Shoals (4/4) Lair:4        Snake (4/4) Lair:4        Slime (0/5) Lair:5
    Orc (2/2) D:11            Elf (3/3) Orc:2        Vaults (5/5) D:14
  Crypt (0/3) Vaults:3     Depths (3/5) D:15

Altars:
Ashenzari
Gozag
Kikubaaqudgha
Nemelex Xobeh
Okawaru
Ru
Sif Muna
Uskayaw
Vehumet
Xom
Beogh

Shops:
D:5 (:!!   Orc:2 ?(?*   Elf:1 =!   Snake:1 :   Snake:2 =}=   Vaults:1 :
Vaults:2 *   Vaults:3 !

Portals:
Hell: Depths:1 Depths:2
Abyss: Depths:1 Depths:2
Pandemonium: Depths:3
Ziggurat: Depths:3

Annotations:
D:2 1 runed door
Depths:1 exclusion: door


Innate Abilities, Weirdness & Mutations

You are under a permanent stasis effect.
You can dig through walls and to a lower floor.
Your four strong arms can wield two-handed weapons with a shield.
You have a pair of large antennae on your head. (SInv)
You are partially covered in iridescent scales. (AC +2)
You are resistant to electric shocks. (rElec)


Message History

You feel very sick.
You swing at nothing.
You are engulfed in poison gas.
You are more poisoned.
* * * LOW HITPOINT WARNING * * *
x2 You feel very sick.
You swing at nothing.
You are engulfed in poison gas.
You are more poisoned.
* * * LOW HITPOINT WARNING * * *
x2 You feel very sick.
You swing at nothing.
You are engulfed in poison gas.
You are more poisoned.
* * * LOW HITPOINT WARNING * * *
x2 You feel very sick.
You swing at nothing.
You are engulfed in poison gas.
You are more poisoned.
* * * LOW HITPOINT WARNING * * *
x2 You feel very sick.
You swing at nothing.
You are engulfed in poison gas.
You are more poisoned.
You die...

####.........#
#.....#......#
.........###.....#).....#
...........'.........<###
$........######...#####
.........# #8.8#
.........# #≈.≈#
......#.### #≈.≈#
......{.#§## #≈.≈#
...?....§#@####≈.≈####
........####≈≈≈≈.≈≈≈≈#
######.[# #≈##...##≈#
#######.)# #≈≈⌠.∩.⌠≈≈#
.#........#######...####
.....{...>...# #####
#....O.#.##...#
.#..O.†g#O.#...#
......)g?O.......


There were no monsters in sight!

Vanquished Creatures
  Saint Roka (Orc:2)
  5 golden dragons (Vaults:5)
  Jory (Vaults:2)
  3 tentacled monstrosities (Vaults:5)
  Jorgrun (Shoals:2)
  4 liches
  A deep elf master archer (Elf:3)
  3 deep elf blademasters
  3 titans (Vaults:5)
  A kraken (Shoals:3)
  The ghost of nikopol the Severer, an adept MiBe of Trog (Elf:3)
  7 sphinxes
  Frances (D:13)
  Polyphemus (Shoals:2)
  3 storm dragons (Vaults:5)
  Kirke (Snake:1)
  4 tengu reavers
  9 shadow dragons (Vaults:5)
  6 nagarajas
  13 frost giants
  24 vault wardens
  7 fire giants
  A balrug (Depths:1)
  7 deep elf sorcerers
  An iron dragon (Vaults:5)
  20 ironheart preservers
  6 war gargoyles
  15 stone giants
  30 very ugly things
  5 deep elf elementalists
  An entropy weaver (Vaults:3)
  4 deep elf demonologists
  3 deep elf annihilators (Elf:3)
  11 purple draconians (WizLab)
  The ghost of nht the Severer, a journeyman MiCK of Xom (Lair:3)
  11 ettins
  4 spark wasps (Depths:2)
  9 statues (WizLab)
  Snorg (Lair:6)
  A merfolk javelineer (Shoals:4)
  2 crystal guardians
  5 deep elf death magi
  12 yaktaur captains
  5 fire dragons
  3 merfolk impalers (Shoals:4)
  23 slime creatures
  A quicksilver dragon zombie (Vaults:4)
  4 deep elf high priests
  10 naga warriors
  43 vault guards
  9 great orbs of eyes
  9 anacondas
  3 ice dragons
  A hydra (shapeshifter) (Vaults:5)
  7 hydras
  A monstrous demonspawn (Depths:3)
  3 rakshasas
  2 merfolk avatars
  2 catoblepae
  5 centaur warriors
  Harold (Orc:1)
  Erica (Lair:1)
  A satyr (Shoals:3)
  13 ogre magi
  6 deep troll shamans
  3 death yaks
  2 vampire magi
  27 dancing weapons
  2 merfolk aquamancers (Shoals:4)
  3 death knights
  6 shock serpents
  7 deep troll earth magi
  2 tengu warriors
  5 orc high priests
  6 hell knights (Depths:1)
  The ghost of TheWoodenMan the Basher, a novice GrBe of Trog (Lair:1)
  20 deep elf knights
  17 naga sharpshooters
  3 sun demons
  2 salamander mystics (Snake:3)
  7 skeletal warriors
  A shadow demon (Depths:3)
  5 sea snakes
  20 deep trolls
  An iron troll (Depths:2)
  3 flayed ghosts
  An orange crystal statue (Elf:3)
  2 torturous demonspawn (Depths:3)
  A small abomination (Elf:3)
  5 wizards
  A storm dragon skeleton (Vaults:4)
  11 naga ritualists
  Pikel (D:8)
  A lindwurm (Lair:6)
  6 unseen horrors
  4 glowing orange brains
  A kraken simulacrum (Shoals:4)
  5 phantasmal warriors (Vaults:5)
  A lindwurm (shapeshifter) (Vaults:5)
  A swamp dragon (shapeshifter) (Depths:3)
  5 necromancers
  15 ironbrand convokers
  18 deep elf archers
  62 ugly things
  22 orc knights
  3 wolf spiders
  A shadow dragon zombie (Vaults:4)
  5 fauns
  5 harpies
  9 hill giants
  97 deep elf magi
  7 mana vipers
  An oklob plant (Lair:5)
  11 orc sorcerers
  7 cyclopes
  2 salamanders (shapeshifter) (Vaults:5)
  3 manticores
  9 salamanders
  An elephant (shapeshifter) (Vaults:1)
  5 elephants (Lair:6)
  18 vault sentinels
  A stone giant skeleton (Vaults:4)
  46 black mambas
  2 water nymphs (Shoals:3)
  4 sirens
  A guardian serpent (Snake:3)
  An ice statue (Snake:4)
  26 naga magi
  A torpor snail (Lair:6)
  A gargoyle (D:12)
  16 spiny frogs
  2 centaur skeletons
  2 freezing wraiths
  10 komodo dragons
  6 rime drakes
  A redback zombie (D:15)
  A tengu conjurer (D:15)
  44 yaktaurs
  A human skeleton (Vaults:4)
  4 wind drakes
  A yaktaur skeleton (Vaults:4)
  3 polar bears (Lair:6)
  8 trolls
  A hornet (shapeshifter) (Vaults:1)
  3 meliai (D:15)
  15 merfolk
  5 hornets
  21 two-headed ogres
  Grinder (D:3)
  A blink frog (shapeshifter) (Vaults:1)
  22 blink frogs
  8 dream sheep
  A raiju (shapeshifter) (Depths:2)
  12 hippogriffs
  A spriggan (shapeshifter) (D:13)
  An ettin zombie (Vaults:4)
  A water elemental (Elf:3)
  3 air elementals
  4 snapping turtles
  A spriggan (D:8)
  6 wraiths
  A vampire (D:10)
  A dire elephant simulacrum (IceCv)
  A tarantella (shapeshifter) (Depths:2)
  10 wyverns
  2 shadows
  A hog (shapeshifter) (Vaults:3)
  52 yaks
  5 fire elementals
  A basilisk (Lair:1)
  3 humans
  Grum (D:8)
  2 hungry ghosts (D:11)
  6 wargs
  A steam dragon (D:9)
  A harpy simulacrum (IceCv)
  8 vampire mosquitoes
  38 nagas
  2 soldier ants
  2 mottled dragons
  11 water moccasins
  Duvessa (D:6)
  58 orc warriors
  9 porcupines
  4 slaves (D:8)
  4 black bears
  A sky beast (shapeshifter) (Vaults:5)
  2 eyes of draining
  8 sky beasts
  An alligator simulacrum (IceCv)
  55 ogres
  6 ice beasts
  An eye of draining (shapeshifter) (Elf:2)
  A phantom (D:12)
  A necrophage (D:8)
  27 centaurs
  7 wolves
  11 boggarts
  11 crocodiles
  A big kobold (shapeshifter) (Vaults:5)
  6 earth elementals
  3 big kobolds
  13 bullfrogs
  A gnoll sergeant (D:7)
  2 deep troll simulacra (Vaults:4)
  A glowing shapeshifter simulacrum (Vaults:2)
  Dowan (D:6)
  A wyvern zombie (D:14)
  2 wyvern skeletons
  A scorpion (D:4)
  15 killer bees
  3 human simulacra
  4 wights (D:11)
  3 howler monkeys
  A bullfrog zombie (D:5)
  5 centaur zombies
  9 crimson imps
  6 hounds
  3 jellies
  2 bullfrog skeletons
  36 orc priests
  An iron imp (Depths:2)
  31 orc wizards
  10 iguanas
  7 worker ants
  A troll simulacrum (IceCv)
  2 hound skeletons
  3 worker ant zombies
  2 howler monkey skeletons
  6 gnolls (D:7)
  9 adders
  3 river rats (D:10)
  4 shadow imps
  3 white imps (IceCv)
  2 ufetubi (IceCv)
  3 oozes
  4 leopard geckos
  159 orcs
  4 giant cockroaches
  8 goblins
  9 hobgoblins
  14 jackals
  2 quokkas
  A ball python (D:5)
  20 bats
  10 frilled lizards
  25 kobolds
  A leopard gecko skeleton (D:5)
  A quokka skeleton (D:6)
  13 rats
  A crawling corpse (Vaults:5)
  5 tentacles
2022 creatures vanquished.

Vanquished Creatures (collateral kills)
  A deep elf mage (Elf:1)
1 creature vanquished.

Vanquished Creatures (others)
  A deep elf master archer (Elf:3)
  2 stone giants
  An ironheart preserver (Vaults:5)
  A merfolk javelineer (Shoals:4)
  2 yaktaur captains
  A vault guard (Vaults:4)
  2 centaur warriors
  An ogre mage (Vaults:4)
  A sea snake (shapeshifter) (Vaults:4)
  2 deep elf archers
  An ironbrand convoker (Vaults:4)
  An ugly thing (Vaults:1)
  2 deep elf magi
  A faun (Shoals:1)
  5 cyclopes
  A vault sentinel (Vaults:4)
  A gargoyle (D:12)
  14 yaktaurs
  A merfolk (Shoals:1)
  A dream sheep (Shoals:2)
  A wraith (Vaults:1)
  3 humans (Snake:1)
  A naga (Snake:4)
  A boggart (Depths:3)
  4 centaurs
  A jelly (D:12)
  A white imp (IceCv)
  An ufetubus (IceCv)
  A crawling corpse (Vaults:5)
  12 fungi
  11 plants
  10 tentacles
89 creatures vanquished.

Grand Total: 2112 creatures vanquished

Notes
Turn   | Place    | Note
-------+----------+-------------------------------------------
     0 | D:1      | kae the Formicid Fighter began the quest for the Orb.
     0 | D:1      | Reached XP level 1. HP: 18/18 MP: 1/1
   155 | D:1      | Reached XP level 2. HP: 22/24 MP: 2/2
   231 | D:1      | Reached skill level 3 in Maces & Flails
   377 | D:1      | Reached XP level 3. HP: 29/29 MP: 3/3
   835 | D:2      | Found a shimmering altar of Xom.
   840 | D:2      | Found an iron altar of Okawaru.
   947 | D:2      | Became a worshipper of Warmaster Okawaru
  1080 | D:2      | Reached XP level 4. HP: 13/35 MP: 4/4
  1695 | D:2      | Reached skill level 1 in Invocations
  1732 | D:2      | Found a runed door.
  1868 | D:3      | Reached skill level 4 in Maces & Flails
  2057 | D:3      | Reached XP level 5. HP: 41/41 MP: 6/6
  2170 | D:3      | Noticed Grinder
  2201 | D:3      | Killed Grinder
  2201 | D:3      | Reached * piety under Okawaru
  2201 | D:3      | Reached ** piety under Okawaru
  2201 | D:3      | Reached skill level 5 in Maces & Flails
  2201 | D:3      | Reached XP level 6. HP: 17/47 MP: 6/8
  2223 | D:3      | Reached skill level 5 in Shields
  2954 | D:4      | Reached XP level 7. HP: 38/52 MP: 9/9
  3079 | D:4      | Found a hide-covered altar of Uskayaw.
  3147 | D:4      | Found a sacrificial altar of Ru.
  3149 | D:4      | Found a sparkling altar of Nemelex Xobeh.
  3155 | D:4      | Found an ancient bone altar of Kikubaaqudgha.
  3156 | D:4      | Found an opulent altar of Gozag.
  3473 | D:4      | Reached *** piety under Okawaru
  3473 | D:4      | Reached skill level 6 in Maces & Flails
  3486 | D:4      | Found a staircase to the Ecumenical Temple.
  3603 | D:5      | Entered Level 5 of the Dungeon
  3664 | D:5      | Reached XP level 8. HP: 26/58 MP: 11/11
  3862 | D:5      | Found Enu Irr's Book Boutique.
  4070 | D:5      | Found Nuvegrum's Distillery.
  4079 | D:5      | Bought a potion of curing for 30 gold pieces
  4079 | D:5      | Bought a potion of agility for 40 gold pieces
  4501 | D:5      | Found Niuwon's Distillery.
  4703 | D:5      | Found Bynicym's Antique Weapon Shoppe.
  4716 | D:5      | Reached skill level 7 in Maces & Flails
  4716 | D:5      | Reached skill level 5 in Invocations
  5154 | D:6      | Noticed Dowan
  5159 | D:6      | Noticed Duvessa
  5304 | D:6      | Killed Duvessa
  5309 | D:5      | Reached **** piety under Okawaru
  5419 | D:6      | Killed Dowan
  5419 | D:6      | Reached XP level 9. HP: 61/64 MP: 13/13
  5441 | D:5      | Reached skill level 8 in Maces & Flails
  6716 | D:7      | Reached skill level 9 in Maces & Flails
  7565 | D:7      | Reached XP level 10. HP: 38/70 MP: 15/15
  7844 | D:8      | Reached skill level 10 in Maces & Flails
  8120 | D:8      | Noticed Pikel
  8164 | D:8      | Killed Pikel
  8164 | D:8      | Reached ***** piety under Okawaru
  8355 | D:8      | Received a gift from Okawaru
  8518 | D:8      | Reached skill level 11 in Maces & Flails
  9245 | D:8      | Noticed Grum
  9264 | D:8      | Killed Grum
  9282 | D:8      | Received a gift from Okawaru
  9294 | D:8      | Reached skill level 10 in Shields
  9539 | D:8      | Reached XP level 11. HP: 69/73 MP: 16/16
  9806 | D:9      | Reached skill level 12 in Maces & Flails
 10193 | D:9      | Found a radiant altar of Vehumet.
 10203 | D:9      | Found a deep blue altar of Sif Muna.
 10462 | D:10     | Entered Level 10 of the Dungeon
 11105 | D:10     | Reached skill level 13 in Maces & Flails
 11496 | D:10     | Noticed a hill giant
 11506 | D:10     | Killed a hill giant
 11882 | D:10     | Found a staircase to the Lair.
 12069 | Lair:1   | Entered Level 1 of the Lair of Beasts
 12171 | Lair:1   | Noticed Erica
 12193 | Lair:1   | Killed Erica
 12235 | Lair:1   | Reached ****** piety under Okawaru
 12235 | Lair:1   | Reached XP level 12. HP: 68/79 MP: 17/17
 12260 | Lair:1   | Noticed TheWoodenMan's ghost (novice GrBe)
 12267 | Lair:1   | Reached skill level 14 in Maces & Flails
 12490 | Lair:1   | Killed TheWoodenMan's ghost
 12970 | Lair:2   | Received a gift from Okawaru
 13464 | Lair:2   | Got a twisted morningstar
 13465 | Lair:2   | Identified the +3 morningstar "Kecom" {freeze, rPois} (You found it on level 2 of the Lair of Beasts)
 13494 | Lair:2   | Got a steaming marble ring
 13563 | Lair:2   | Reached skill level 15 in Maces & Flails
 14379 | Lair:3   | Noticed nht's ghost (journeyman MiCK)
 14427 | Lair:3   | Killed nht's ghost
 14723 | Lair:3   | Reached skill level 16 in Maces & Flails
 14925 | Lair:3   | Noticed a six-headed hydra
 14939 | Lair:3   | Killed a six-headed hydra
 14951 | Lair:3   | Reached XP level 13. HP: 52/86 MP: 16/18
 15412 | Lair:3   | Received a gift from Okawaru
 15415 | Lair:3   | Got a smoking scale mail {god gift}
 15426 | Lair:3   | Identified the +6 scale mail "Kopau" {+Fly rPois} (Okawaru gifted it to you on level 3 of the Lair of Beasts)
 15430 | Lair:3   | Identified the ring of the Middle {*Tele Dex+4} (You found it on level 2 of the Lair of Beasts)
 15791 | Lair:4   | Found a staircase to the Shoals.
 15882 | Lair:4   | Found a staircase to the Snake Pit.
 15896 | Lair:4   | Reached skill level 5 in Armour
 16011 | Lair:4   | Reached skill level 5 in Fighting
 16645 | Lair:4   | Noticed a four-headed hydra
 16655 | Lair:4   | Killed a four-headed hydra
 16788 | Lair:4   | You fall through a shaft!
 16814 | Lair:5   | Noticed a five-headed hydra
 16827 | Lair:5   | Killed a five-headed hydra
 16851 | Lair:5   | Received a gift from Okawaru
 17413 | Lair:5   | Found a staircase to the Slime Pits.
 17590 | Lair:5   | Received a gift from Okawaru
 17743 | Lair:6   | Entered Level 6 of the Lair of Beasts
 17902 | Lair:6   | Noticed a seven-headed hydra
 17933 | Lair:6   | Killed a seven-headed hydra
 17938 | Lair:6   | Reached XP level 14. HP: 75/102 MP: 19/19
 18071 | Lair:6   | Noticed a dire elephant
 18553 | Lair:6   | Received a gift from Okawaru
 18580 | Lair:6   | Noticed Snorg
 18591 | Lair:6   | Killed Snorg
 18944 | Lair:6   | Received a gift from Okawaru
 19165 | Lair:6   | Reached skill level 10 in Armour
 19629 | Lair:6   | Reached skill level 10 in Fighting
 20022 | D:11     | Received a gift from Okawaru
 20051 | D:11     | Reached XP level 15. HP: 104/113 MP: 20/20
 20054 | D:11     | Reached skill level 15 in Shields
 20249 | D:11     | Found a staircase to the Orcish Mines.
 20263 | D:11     | You fall through a shaft!
 21022 | D:12     | Found a flickering gateway to a bazaar.
 21031 | Bazaar   | Entered a bazaar
 21051 | Bazaar   | Found Emoh's Gadget Shop.
 21071 | Bazaar   | Found Xiseexzo's Book Shop.
 21384 | D:11     | Received a gift from Okawaru
 21787 | D:13     | Noticed Frances
 21801 | D:13     | Killed Frances
 22051 | D:13     | Received a gift from Okawaru
 22387 | Orc:1    | Entered Level 1 of the Orcish Mines
 22544 | Orc:2    | Entered Level 2 of the Orcish Mines
 22910 | Orc:1    | Noticed Harold
 22950 | Orc:1    | Killed Harold
 23556 | Orc:2    | Reached XP level 16. HP: 125/125 MP: 21/21
 23735 | Orc:2    | Found a roughly hewn altar of Beogh.
 23784 | Orc:2    | Received a gift from Okawaru
 23831 | Orc:2    | Found Beklaen's Antique Weapon Emporium.
 23914 | Orc:2    | Found Giunytax's Magic Scroll Shoppe.
 24391 | Orc:2    | Found a staircase to the Elven Halls.
 24457 | Orc:2    | Noticed Saint Roka
 24734 | Orc:2    | Received a gift from Okawaru
 24762 | Orc:2    | Killed Saint Roka
 24762 | Orc:2    | Reached skill level 1 in Dodging
 25094 | Orc:2    | Found a roughly hewn altar of Beogh.
 25124 | Orc:2    | Found Iloageut's Magic Scroll Emporium.
 25608 | Orc:2    | Found Ixaezies's Assorted Antiques.
 25622 | Orc:2    | Bought an ichor-stained chain mail for 342 gold pieces
 25788 | Orc:2    | Received a gift from Okawaru
 26297 | D:14     | Identified the +10 chain mail of Dramatic Exits {Str+4} (You bought it in a shop on level 2 of the Orcish Mines)
 26651 | D:14     | Found a gate to the Vaults.
 27059 | D:15     | Entered Level 15 of the Dungeon
 27081 | D:15     | Received a gift from Okawaru
 27148 | D:15     | Found a staircase to the Depths.
 27148 | D:15     | Noticed a fire giant
 27472 | D:15     | Reached XP level 17. HP: 73/135 MP: 22/22
 28518 | Snake:1  | Entered Level 1 of the Snake Pit
 28518 | Snake:1  | Noticed Kirke
 28555 | Snake:1  | Killed Kirke
 28791 | Snake:1  | Reached skill level 5 in Dodging
 29214 | Snake:1  | Found Lufaj's Book Shop.
 29509 | Snake:1  | Received a gift from Okawaru
 29512 | Snake:1  | Got a pair of transparent boots {god gift}
 29518 | Snake:1  | Identified the +0 pair of boots "Coqi" {rElec Regen+ Slay+4} (Okawaru gifted it to you on level 1 of the Snake Pit)
 29869 | Snake:2  | Found Ocyfuargh's Jewellery Shop.
 29870 | Snake:2  | Found Umoicvim's Gadget Emporium.
 29871 | Snake:2  | Found Girust's Jewellery Shop.
 29877 | Snake:2  | Bought the brooch of Shielding {Reflect SH+8} for 384 gold pieces
 29884 | Snake:2  | Bought a cursed -3 ring of protection for 40 gold pieces
 30181 | Snake:2  | Reached skill level 17 in Maces & Flails
 31068 | Snake:3  | Reached XP level 18. HP: 145/145 MP: 23/23
 31879 | Snake:4  | Entered Level 4 of the Snake Pit
 32235 | Snake:4  | Found a shattered altar of Ashenzari.
 32312 | Snake:4  | Received a gift from Okawaru
 32435 | Snake:4  | Found a frozen archway.
 32454 | IceCv    | Entered an ice cave
 32854 | Snake:4  | Reached skill level 15 in Armour
 32991 | Snake:4  | Reached skill level 15 in Fighting
 33336 | Snake:4  | Got a serpentine rune of Zot
 33773 | Elf:1    | Entered Level 1 of the Elven Halls
 33786 | Elf:1    | Received a gift from Okawaru
 33848 | Elf:1    | Reached XP level 19. HP: 153/153 MP: 24/24
 33946 | Elf:1    | Found a flickering gateway to a bazaar.
 34059 | Bazaar   | Entered a bazaar
 34067 | Bazaar   | Found Funac's Antique Weapon Emporium.
 34069 | Bazaar   | Found Xeg Bemi's Gadget Boutique.
 34077 | Bazaar   | Found Suriun's General Store.
 34083 | Bazaar   | Found Uqeobbom's Jewellery Shoppe.
 34087 | Bazaar   | Found Adaej's Book Shop.
 34293 | Elf:1    | Reached skill level 18 in Maces & Flails
 34370 | Elf:1    | Found Penel's Distillery.
 34416 | Elf:1    | Found Noelets's Jewellery Boutique.
 34431 | Elf:1    | Bought a cursed -3 ring of slaying for 34 gold pieces
 34431 | Elf:1    | Bought a cursed amulet of inaccuracy for 34 gold pieces
 34588 | Elf:1    | Received a gift from Okawaru
 34591 | Elf:1    | Got a crude cloak {god gift}
 34602 | Elf:1    | Identified the +1 cloak "Daanlan" {MR+ Int-4 Dex+8} (Okawaru gifted it to you on level 1 of the Elven Halls)
 35270 | Elf:2    | Found a runed gate.
 35270 | Elf:2    | Found a runed gate.
 35271 | Elf:2    | Found a runed gate.
 35316 | Elf:2    | Identified a scroll of acquirement
 35361 | Elf:2    | Noticed a deep elf blademaster
 35384 | Elf:2    | Killed a deep elf blademaster
 35660 | Elf:2    | Received a gift from Okawaru
 35663 | Elf:2    | Got a faintly glowing ring mail {god gift}
 35777 | Elf:2    | Identified the +1 ring mail of the Untouchables {rF+ rN+ Int-5} (Okawaru gifted it to you on level 2 of the Elven Halls)
 35816 | Elf:3    | Entered Level 3 of the Elven Halls
 35818 | Elf:3    | Reached skill level 10 in Dodging
 35884 | Elf:3    | Reached XP level 20. HP: 146/163 MP: 25/25
 36365 | Elf:3    | Noticed nikopol's ghost (adept MiBe)
 36388 | Elf:3    | Killed nikopol's ghost
 36568 | Elf:3    | Received a gift from Okawaru
 36571 | Elf:3    | Got a warped ring mail {god gift}
 37055 | Elf:3    | Identified Xyaschec's Incunabulum of the Shifting Birds
 37090 | Elf:3    | Identified the Guide on Changing and Poison
 37611 | Shoals:1 | Entered Level 1 of the Shoals
 37704 | Lair:1   | Identified the +5 ring mail of Fortification {rPois Dex+3} (Okawaru gifted it to you on level 3 of the Elven Halls)
 37862 | Shoals:1 | Reached skill level 1 in Evocations
 37885 | Shoals:2 | Noticed Polyphemus
 37934 | Shoals:2 | Killed Polyphemus
 38090 | Shoals:2 | Noticed Jorgrun
 38106 | Shoals:2 | Killed Jorgrun
 38139 | Shoals:2 | Reached skill level 5 in Evocations
 38440 | Shoals:4 | Entered Level 4 of the Shoals
 38556 | Shoals:4 | Reached XP level 21. HP: 171/171 MP: 23/26
 38581 | Shoals:4 | Received a gift from Okawaru
 38760 | Shoals:4 | Got a barnacled rune of Zot
 39088 | Vaults:1 | Entered Level 1 of the Vaults
 39318 | Vaults:1 | Reached skill level 10 in Evocations
 39632 | Vaults:1 | Received a gift from Okawaru
 39723 | Vaults:1 | Reached skill level 10 in Invocations
 40272 | Vaults:1 | Reached XP level 22. HP: 173/178 MP: 31/31
 40390 | Vaults:1 | Found Nogyck's Book Emporium.
 40621 | Vaults:2 | Found Joboucev's Assorted Antiques.
 41142 | Vaults:2 | Noticed Jory
 41169 | Vaults:2 | Killed Jory
 41565 | Vaults:2 | Received a gift from Okawaru
 41932 | Vaults:3 | Reached skill level 15 in Invocations
 41949 | Vaults:3 | Found a staircase to the Crypt.
 42248 | Vaults:3 | Reached skill level 1 in Stealth
 42519 | Vaults:3 | Reached skill level 5 in Stealth
 42586 | Vaults:3 | Received a gift from Okawaru
 42713 | Vaults:3 | Found Gotoc's Distillery.
 42717 | Vaults:3 | Bought a potion of beneficial mutation for 420 gold pieces
 42717 | Vaults:3 | Gained mutation: You are partially covered in iridescent scales. (AC +2) [potion of beneficial mutation]
 43062 | Vaults:3 | Reached skill level 1 in Spellcasting
 43231 | Vaults:4 | Received a gift from Okawaru
 43233 | Vaults:4 | Reached XP level 23. HP: 184/184 MP: 34/34
 43300 | Vaults:4 | Reached skill level 5 in Spellcasting
 43490 | Vaults:4 | Reached skill level 19 in Maces & Flails
 43604 | Vaults:4 | Received a gift from Okawaru
 44868 | Vaults:5 | Entered Level 5 of the Vaults
 45017 | Vaults:4 | Reached XP level 24. HP: 193/196 MP: 34/34
 45179 | Vaults:5 | Received a gift from Okawaru
 45193 | Vaults:5 | Noticed a golden dragon
 45194 | Vaults:5 | Gained mutation: You are resistant to electric shocks. (rElec) [a shining eye]
 45213 | Vaults:5 | Killed a golden dragon
 45213 | Vaults:5 | Reached skill level 20 in Maces & Flails
 45355 | Vaults:5 | Noticed a golden dragon
 45371 | Vaults:5 | Killed a golden dragon
 45862 | Vaults:5 | Received a gift from Okawaru
 46105 | Vaults:5 | Reached skill level 21 in Maces & Flails
 46235 | Vaults:5 | Got a silver rune of Zot
 46373 | Vaults:5 | Noticed a golden dragon
 46400 | Vaults:5 | Killed a golden dragon
 46400 | Vaults:5 | Reached XP level 25. HP: 150/208 MP: 32/34
 46450 | Vaults:5 | HP: 9/210 [balrug/bolt of fire[a lich] (11)]
 46685 | Vaults:5 | Received a gift from Okawaru
 47004 | Vaults:5 | Received a gift from Okawaru
 47046 | Vaults:5 | Got a vibrating lapis lazuli ring
 47048 | Vaults:5 | Got an ancient flail {drain}
 47049 | Vaults:5 | Identified the cursed +2 flail "Wuliz" {drain, rPois rF- SInv Stlth+} (You took it off a yaktaur on level 5 of the Vaults)
 47053 | Vaults:5 | Identified the ring "Mossak" {*Tele rF- MR+ SInv} (You took it off a fire giant on level 5 of the Vaults)
 47059 | Vaults:5 | Got a coiled diamond amulet
 47766 | Vaults:5 | Got a heavily runed emerald amulet
 48011 | Vaults:5 | Identified the Almanac of Enthralling Intoxication
 48187 | Vaults:5 | Got a wavering jade amulet
 48203 | Vaults:5 | Got a steaming morningstar
 48204 | Vaults:5 | Identified the +5 morningstar of Valour {chaos, rElec rF++ Str+4} (You found it on level 5 of the Vaults)
 48205 | Vaults:5 | Identified the amulet "Lemnomyomu" {+Rage rF+ Str+4} (You took it off a yaktaur on level 5 of the Vaults)
 48206 | Vaults:5 | Identified the amulet "Vaoqod" {Spirit +Inv Str+4} (You took it off an ironheart preserver on level 5 of the Vaults)
 48207 | Vaults:5 | Identified the amulet of the Soothsayer {RegenMP *Slow rElec MR++ MP-9} (You took it off a vault warden on level 5 of the Vaults)
 48649 | Depths:1 | Entered Level 1 of the Depths
 48652 | Depths:1 | Reached skill level 22 in Maces & Flails
 48718 | Depths:1 | Received a gift from Okawaru
 48868 | Depths:1 | Reached XP level 26. HP: 208/222 MP: 34/34
 49012 | Depths:1 | Received a gift from Okawaru
 49024 | Depths:1 | Found a runed door.
 49113 | Depths:1 | Found a gateway to Hell.
 49144 | Depths:1 | Found a one-way gate to the infinite horrors of the Abyss.
 49656 | Depths:2 | Received a gift from Okawaru
 50787 | Depths:3 | Found a one-way gate leading to the halls of Pandemonium.
 50854 | Depths:3 | Found a magical portal.
 50879 | WizLab   | Entered Iskenderun's Mystic Tower
 51073 | WizLab   | Reached skill level 23 in Maces & Flails
 51489 | WizLab   | Identified Iskenderun's Catalogue of Conjuration
 51489 | WizLab   | Identified Iskenderun's Handbook of Combat Magic
 51680 | Depths:3 | Found a gateway to a ziggurat.
 51812 | Depths:3 | HP: 9/226 [poison (poison gas)]
 51813 | Depths:3 | HP: 1/226 [poison (poison gas)]
 51814 | Depths:3 | Engulfed by a cloud of poison gas

Skill      XL: |  1  2  3  4  5  6  7  8  9 10 11 12 13 14 15 16 17 18 19 20 21 22 23 24 25 26 |
---------------+-------------------------------------------------------------------------------+-----
Maces & Flails | 3 4 5 6 7 9 11 13 16 17 18 19 21 22 23 | 23.3
Invocations    | 1 2 3 4 5 7 12 15 | 15.4
Shields        | 4 5 6 7 8 10 11 13 14 16 | 16.5
Armour         | 4 7 10 12 13 14 15 16 17 | 17.0
Fighting       | 7 10 12 13 14 15 16 18 19 21 22 | 22.7
Dodging        | 4 6 8 10 | 10.8
Evocations     | 7 11 | 11.2
Stealth        | 9 |  9.4
Spellcasting   | 3 7 |  7.3

Action                   |  1- 3 |  4- 6 |  7- 9 | 10-12 | 13-15 | 16-18 | 19-21 | 22-24 | 25-27 || total
-------------------------+-------+-------+-------+-------+-------+-------+-------+-------+-------++-------
Melee: Flail             |   102 |   170 |     9 |       |       |       |       |       |       ||   281
       Mace              |       |       |   138 |    41 |       |       |       |       |       ||   179
       Whip              |       |       |   377 |   804 |       |       |       |       |       ||  1181
       Morningstar       |       |       |       |   175 |   470 |       |       |       |       ||   645
       Demon whip        |       |       |       |       |   869 |  1471 |  1437 |  1577 |  1042 ||  6396
Invok: Heroism           |       |       |     8 |    12 |    16 |     9 |     9 |     9 |     5 ||    68
       Finesse           |       |       |       |       |       |       |       |       |     1 ||     1
 Abil: Dig               |       |       |     4 |    16 |    12 |    19 |     5 |     2 |     6 ||    64
       Shaft Self        |       |       |       |       |     1 |       |       |       |       ||     1
       Evoke Flight      |       |       |       |       |       |     2 |     2 |       |       ||     4
Evoke: Wand              |       |       |       |       |       |       |       |     1 |       ||     1
  Use: Scroll            |     4 |     6 |     7 |     7 |    11 |     6 |     8 |     4 |     8 ||    61
       Potion            |       |     2 |     1 |     1 |       |     2 |       |     1 |    13 ||    20
 Stab: Distracted        |       |       |       |       |       |     1 |       |       |     2 ||     3
       Petrified         |       |       |       |       |       |       |     2 |       |       ||     2
       Sleeping          |       |       |       |       |       |       |       |     2 |       ||     2
  Eat: Chunk             |     1 |     6 |    15 |    23 |    31 |    24 |    22 |    14 |    13 ||   149
       Pizza             |       |       |       |     1 |       |     1 |       |       |       ||     2
       Fruit             |       |       |       |       |       |     3 |       |       |       ||     3
       Bread ration      |       |       |       |       |       |     2 |       |       |       ||     2
       Royal jelly       |       |       |       |       |       |     1 |       |       |       ||     1
       Meat ration       |       |       |       |       |       |       |       |     2 |       ||     2
       Beef jerky        |       |       |       |       |       |       |       |       |     1 ||     1
Armor: Scale mail        |    39 |    67 |    80 |    98 |   258 |    40 |    57 |    23 |       ||   662
       Skin              |       |     9 |       |       |       |       |       |       |       ||     9
       Chain mail        |       |       |       |       |       |   168 |    43 |   125 |    92 ||   428
Dodge: Dodged            |    23 |    56 |    97 |   137 |   141 |   127 |   126 |   188 |   159 ||  1054
Block: Shield            |    58 |   109 |   209 |    83 |       |       |       |       |       ||   459
       Large shield      |       |       |       |   335 |   815 |  1078 |   984 |  1227 |   831 ||  5270
       Reflection        |       |       |       |       |       |   105 |   118 |    98 |    83 ||   404
